Map: Magannatha LE

Players

mahadeva

  • Race: Terran Terran
  • Spawn Location: 11:00

ManlyManMeat - Winner!

  • Race: Zerg Zerg
  • League: Master
  • Spawn Location: 5:00

VOD

Have the link to the VOD?

Description

Time

  • Played on: June 14, 2025, 4:05 p.m.
  • Length: 3:57
Show
View Real Time Build Order
Export as new Build Order

mahadeva Terran 

Build Orders:  

Get SALT Encoding   

  12  0:11  Supply Depot  
  12  0:13  SCV  
  13  0:25  SCV  
  14  0:33  Barracks  
  14  0:37  SCV  
  15  0:44  Refinery  
  15  0:55  Supply Depot  
  15  1:04  SCV  
  16  1:16  Barracks  
  16  1:21  SCV  
  16  1:23  Marine  
  18  1:33  SCV  
  19  1:41  Marine  
  19  1:45  SCV  
  21  1:52  Refinery  
  21  1:58  SCV  
  21  1:59  Marine  
  23  2:10  SCV, Engineering Bay  
  24  2:16  Supply Depot  
  24  2:17  Marine  
  24  2:18  Marine  
  25  2:35  Marine  
  25  2:36  Marine  
  27  2:41  SCV  
  28  2:50  Supply Depot  
  28  2:53  SCV, Marine x2  
  31  3:09  SCV  
  31  3:11  Marine x2  
  34  3:21  SCV  
  35  3:32  Marine x2  
Show
View Real Time Build Order
Export as new Build Order

ManlyManMeat Zerg - Winner!

Build Orders: Pool First 

Get SALT Encoding   

  12  0:07  Overlord  
  12  0:13  Drone  
  13  0:16  Drone  
  14  0:25  Drone  
  15  0:31  Drone  
  16  0:40  Drone  
  17  0:46  Spawning Pool  
  16  0:52  Extractor  
  16  0:53  Drone  
  16  1:06  Drone  
  17  1:15  Hatchery  
  17  1:18  Drone  
  17  1:23  Drone  
  18  1:34  Queen  
  18  1:38  Drone  
  21  1:46  Drone  
  22  1:55  Overlord  
  22  2:03  Metabolic Boost  
  22  2:10  Overlord  
  22  2:28  Zergling x2  
  23  2:32  Queen  
  23  2:34  Zergling x4  
  27  2:41  Queen  
  29  2:53  Zergling x4  
  29  2:54  Zergling x6  
  29  2:56  Drone  
  35  3:06  Drone x2  
  37  3:17  Queen  
  39  3:34  Hatchery  
Tags
 
League
Master
Matchup
TvZ
Opening
Pool First
Spawn Locations
Cross Positions
Add a new tag
Caveats
  • Supply blocks, unpowered buildings, or Contaminate may cause inaccurate times.
  • Supply counts are checked every 10 seconds.